 Dungeon Crawl Stone Soup version 0.27.1-33-g824d729ab1 (webtiles) character file.

Game seed: 7647944346123733296

135 Amplified the Caller (level 4, -5/32 HPs)
             Began as a Mummy Summoner on Dec 22, 2021.
             Killed by divine providence
             ... invoked by an orc priest
              (14 damage)
             ... on level 3 of the Dungeon.
             The game lasted 00:03:50 (3657 turns).

Amplified the Caller (Mummy Summoner)               Turns: 3657, Time: 00:03:51

Health: -5/32      AC:  7    Str: 12    XL:     4   Next: 96%
Magic:  7/9        EV: 12    Int: 20    God:
Gold:   49         SH:  0    Dex: 12    Spells: 4/10 levels left

rFire    . . .     SeeInvis .   c - +1 hand axe (flame)
rCold    + . .     Faith    .   (no shield)
rNeg     + + +     Spirit   .   d - +2 robe {rF+}
rPois    ∞         Reflect  .   (no helmet)
rElec    .         Harm     .   (no cloak)
rCorr    .         Rampage  .   (no gloves)
Will     .....                  i - +2 pair of boots
Stlth    ++........             (no amulet)
HPRegen  0.10/turn              a - +6 ring of intelligence
MPRegen  0.11/turn              (no ring)

@: no status effects
A: cold resistance 1, negative energy resistance 3, torment resistance 2, heat
vulnerability 1, no potions
a: no special abilities


You were on level 3 of the Dungeon.
You visited 1 branch of the dungeon, and saw 3 of its levels.

You collected 49 gold pieces.

Inventory:

Hand Weapons
 b - a +0 dagger
 c - a +1 hand axe of flaming (weapon)
Armour
 d - a +2 robe of fire resistance (worn)
 i - a +2 pair of boots (worn)
Jewellery
 a - a +6 ring of intelligence (left hand)
Scrolls
 f - a scroll of blinking
 g - a scroll of enchant armour


   Skills:
 * Level 1.5 Fighting
 * Level 1.0 Axes
 * Level 1.4 Armour
 * Level 2.2 Dodging
 - Level 1.5 Stealth
 * Level 3.6 Spellcasting
 * Level 3.6 Summonings


You had 4 spell levels left.
You knew the following spells:

 Your Spells              Type           Power      Damage    Failure   Level
a - Summon Small Mammal   Summ           72%        N/A       3%          1
b - Call Imp              Summ           18%        N/A       4%          2
c - Call Canine Familiar  Summ           18%        N/A       9%          3

Your spell library contained the following spells:

 Spells                   Type           Power      Damage    Failure   Level
 Animate Skeleton         Necr           6%         N/A       14%         1
 Pain                     Necr           12%        1d4       14%         1
 Summon Guardian Golem    Hex/Summ       10%        N/A       19%         3
 Vampiric Draining        Necr           1%         2d6       38%         3
 Summon Lightning Spire   Summ/Air       10%        N/A       54%         4


Dungeon Overview and Level Annotations

Branches:
Dungeon (3/15)

Altars:
Ashenzari
Elyvilon
Hepliaklqana
Ru


Innate Abilities, Weirdness & Mutations

You are immune to poison.
Your flesh is cold resistant. (rC+)
You are immune to negative energy. (rN+++)
You are immune to unholy pain and torment.
You are vulnerable to heat. (rF-)
You do not drink.


Message History

The orc hits you but does no damage.
Unknown command.
Casting: Call Imp (safe; 4% risk of failure)
Confirm with . or Enter, or press ? or * to list all spells.
The orc priest hits you from afar with a +0 trident.
The orc hits you but does no damage.
Unknown command.
You closely miss the orc. The orc priest barely misses you.
The orc closely misses you.
Your crimson imp blinks!
The orc priest hits you from afar with a +0 trident.
You hit the orc. You burn the orc.
You kill the orc!
The orc priest closely misses you.
The orc priest invokes the aid of Beogh against you.
Beogh smites you!
Things that are here:
a +0 short sword; a scroll labelled KOARAH XEIXUALLOUR; an orc corpse You are too injured to fight recklessly!
You hit the orc priest. You burn the orc priest.
The orc priest is lightly wounded.
Your crimson imp blinks!
You can't drink.
Unknown command.
Your rat barely misses the orc priest.
The orc priest closely misses you.
Sorry, you're not good enough to have a special ability.
Unknown command.
You hit the orc. You burn the orc.
The orc is almost dead.
Your rat bites the orc priest but does no damage.
The orc priest hits you from afar with a +0 trident.
* * * LOW HITPOINT WARNING * * *
The orc closely misses you.
Your rat bites the orc priest but does no damage.
The orc priest hits your rat with a +0 trident.
Your rat dies!
Your rat's corpse disappears in a puff of smoke!
The orc priest invokes the aid of Beogh against you.
Beogh smites you!
You die...

#......o..# #.###.###.#
#.... ####..o...#
#...'.'...# #.#.# ####.#.#
#####.##### #.#.# #...#.#
#.# #.#.#
#.###.#######'#######.#..
###.###o).5.............###
#.......§o.............##
#.#######..#.#........##
#.###...#.@#.#.########
#§§§§._.##.#.#.#
#####...##.#.#.#
#######.#.#.# ####.#
#.#.#.#.# ###<†..#
#.#.....### #...####
#.###.....#
#.#.######...#####.#
#.#.............##.####


You could see an orc priest (ally target), an orc and a friendly crimson imp
(summoned).

Vanquished Creatures
  A centaur zombie (D:3)
  An orc priest (D:3)
  An adder (D:3)
  A worm (D:3)
  An orc (D:3)
  5 ball pythons
  4 bats
  8 endoplasms
  2 giant cockroaches
  3 goblins
  6 hobgoblins
  5 kobolds
  A quokka (D:1)
  3 rats (D:1)
42 creatures vanquished.

Vanquished Creatures (collateral kills)
  An adder (D:2)
  A ball python (D:1)
  2 endoplasms
  A giant cockroach (D:1)
  2 goblins
  2 jackals (D:1)
  2 bats
  A frilled lizard (D:2)
  A kobold (D:2)
  3 rats (D:1)
16 creatures vanquished.

Grand Total: 58 creatures vanquished

Notes
Turn   | Place    | Note
-------+----------+-------------------------------------------
     0 | D:1      | Amplified the Mummy Summoner began the quest for the Orb.
     0 | D:1      | Reached XP level 1. HP: 13/13 MP: 4/4
   488 | D:1      | Reached XP level 2. HP: 14/20 MP: 2/5
   771 | D:1      | Learned a level 2 spell: Call Imp
  1010 | D:1      | Found a faded altar of an unknown god.
  1617 | D:2      | Reached skill level 1 in Fighting
  1617 | D:2      | Reached XP level 3. HP: 13/26 MP: 2/7
  1852 | D:2      | Learned a level 3 spell: Call Canine Familiar
  2124 | D:2      | Reached skill level 1 in Armour
  2608 | D:3      | Found a sacrificial altar of Ru.
  2612 | D:3      | Found a broken altar of Ashenzari.
  2636 | D:3      | Reached XP level 4. HP: 21/32 MP: 7/9
  3182 | D:3      | Reached skill level 1 in Axes
  3460 | D:3      | Found a hazy altar of Hepliaklqana.
  3657 | D:3      | Killed from afar by an orc priest

Illustrated notes

Levels and vault maps discovered:
D:1:      kilobyte_arrival_exit_the_forest, layout_rooms, basic_ecumenical_altar
D:2:      layout_basic
D:3:      layout_basic, nicolae_overflow_crystal_walls,
          nzn_hepliaklqana_mist_gate, grunt_temple_overflow_open,
          minmay_door_square

Skill      XL: |  1  2  3  4 |
---------------+-------------+-----
Spellcasting   | 3 |  3.6
Fighting       | 1 |  1.5
Dodging        | 2 |  2.2
Armour         | 1 |  1.4
Axes           | 1 |  1.0
Stealth        | |  1.5
Summonings     | |  3.6

Action                   |  1- 3 |  4- 6 || total
-------------------------+-------+-------++-------
Melee: Dagger            |    61 |       ||    61
       Unarmed           |     3 |       ||     3
       Hand axe          |    37 |    36 ||    73
 Cast: Summon Small Mamm |    21 |     1 ||    22
       Call Imp          |    14 |     2 ||    16
  Use: Scroll            |     2 |     2 ||     4
 Stab: Sleeping          |     2 |     1 ||     3
Armor: Robe              |    36 |     6 ||    42
Dodge: Dodged            |    89 |    23 ||   112
